 Dungeon Crawl Stone Soup version 0.26-a0-611-g354ed81502 (webtiles) character file.

Game seed: 6573642673993681396

1329 Krehm the Cleaver (level 8, -1/109 HPs)
             Began as a Hill Orc Monk on Sept 6, 2020.
             Was a Believer of Beogh.
             Slain by an ogre
             ... wielding a +0 giant spiked club
              (25 damage)
             ... on level 6 of the Dungeon.
             The game lasted 00:21:40 (7137 turns).

Krehm the Cleaver (Hill Orc Monk)                   Turns: 7137, Time: 00:21:42

Health: -1/109     AC: 11    Str: 16    XL:     8   Next: 60%
Magic:  8/8        EV:  7    Int: 10    God:    Beogh [**....]
Gold:   296        SH:  0    Dex: 13    Spells: 7/7 levels left

rFire    . . .     SeeInvis .   C - +0 broad axe
rCold    . . .     Faith    .   (no shield)
rNeg     . . .     Spirit   .   v - +0 chain mail
rPois    .         Reflect  .   (no helmet)
rElec    .         Harm     .   (no cloak)
rCorr    .                      z - +0 pair of gloves
MR       +....                  D - +0 pair of boots
Stlth    ..........             (no amulet)
HPRegen  0.28/turn              x - ring of protection from magic
MPRegen  0.11/turn              (no ring)

@: berserking, very quick
A: no striking features
a: Smiting, Renounce Religion


You were on level 6 of the Dungeon.
You worshipped Beogh.
Beogh was pleased with you.
You visited 1 branch of the dungeon, and saw 6 of its levels.

You collected 296 gold pieces.

Inventory:

Hand Weapons
 a - a +0 hand axe
 f - a +0 dagger
 l - a +2 vorpal hunting sling
 C - a +0 broad axe (weapon)
Missiles
 m - 149 stones
 n - 42 sling bullets
 r - 8 poisoned darts (quivered)
Armour
 s - a +0 plate armour
 t - a +0 leather armour
 v - a +0 chain mail (worn)
 z - a +0 pair of gloves (worn)
 D - a +0 pair of boots (worn)
 G - a +1 chain mail of positive energy
Jewellery
 x - a ring of protection from magic (left hand)
Wands
 w - a wand of flame (23)
Scrolls
 b - a scroll of blinking {unknown}
 d - 3 scrolls of remove curse
 e - a scroll of random uselessness {unknown}
 i - a scroll of fog {unknown}
 k - 5 scrolls of teleportation
 o - a scroll of fear
 p - a scroll of magic mapping
 q - 2 scrolls of immolation {unknown}
 y - 2 scrolls of enchant armour {unknown}
Potions
 c - 2 potions of curing
 g - 2 potions of mutation
 h - a potion of lignification
 j - a potion of cancellation {unknown}
 u - a potion of resistance
 A - a potion of might
 B - a potion of heal wounds {unknown}
 E - a potion of berserk rage
 F - a potion of degeneration {unknown}


   Skills:
 + Level 7.5 Fighting
 * Level 10.9 Axes
 + Level 3.4 Armour
 - Level 2.4 Dodging
 - Level 1.5 Stealth


You had 7 spell levels left.
You didn't know any spells.
Your spell library was empty.

Dungeon Overview and Level Annotations

Branches:
Dungeon (6/15)             Temple (0/1) D:5

Altars:
Elyvilon
Trog
Vehumet


Message History

The yak is severely wounded.
You hit the ogre. The yak gores you!
* * * LOW HITPOINT WARNING * * *
The ogre hits you but does no damage.
You feel better. The yak gores you but does no damage.
An orc comes into view. It is wielding a +0 rapier.
A red film seems to cover your vision as you go berserk!
You feel yourself moving faster!
You feel mighty!
The ogre hits you with a +0 giant spiked club!
* * * LOW HITPOINT WARNING * * *
The yak gores you.
* * * LOW HITPOINT WARNING * * *
You barely miss the yak.
The yak is severely wounded.
You barely miss the ogre. The yak closely misses you.
You hit the yak.
The yak is almost dead.
You barely miss the ogre.
The ogre hits you with a +0 giant spiked club!!
You die...

****,,,,,,,,,,,,,,,,,..rO...<....
,,,,,,,,,,,,****#.,,,...Y.#######
***********,,,,,..,,,...,,,**
#### ******.#*,,.,,,,,,*****
#..## ##.#*,**,,_,,,,,,,* #<..#
#.$**,#*,,,,,****,, ###.###
#.#*,)#*,,,,,* ***
#..)######O##Y#####*********
****#.......)..@YYY(o..,,,,,,,,,
**..............##o#####*********
,..#####.......##*,# *,,, ,***
#.......# *,* ********,** ,*
##>###### *,* *,,,,,,,,,, ** #.#
**,****,,,,,,,,,^ *
#.####***o.,,,,,,,,,,,,,, *
***#.##..>,..,****,,,,,,,,,, *
**,,,,,..#*#o#** *,_,,⌠,,_,,


You could see 4 yaks, an ogre, an orc wizard and an orc.

Vanquished Creatures
  Grinder (D:3)
  A yak (D:6)
  Menkaure (D:4)
  An orc warrior (D:6)
  2 ogres
  Blork the orc (D:3)
  A bullfrog (D:6)
  A scorpion (D:5)
  A hound (D:5)
  3 orc wizards
  3 worker ants
  A killer bee zombie (D:5)
  A worker ant zombie (D:5)
  3 gnolls
  3 adders
  A shadow imp (D:5)
  2 white imps
  An ufetubus (D:5)
  An ooze (D:2)
  An adder skeleton (D:5)
  An adder zombie (D:5)
  3 leopard geckos
  11 orcs
  4 bats
  9 giant cockroaches
  8 goblins
  8 hobgoblins
  8 jackals
  8 kobolds
  4 quokkas
  A ball python (D:1)
  9 frilled lizards
  A jackal skeleton (D:5)
  4 rats
109 creatures vanquished.

Vanquished Creatures (others)
  An orc priest (D:6)
1 creature vanquished.

Grand Total: 110 creatures vanquished

Notes
Turn   | Place    | Note
-------+----------+-------------------------------------------
     0 | D:1      | Krehm the Hill Orc Monk began the quest for the Orb.
     0 | D:1      | Reached XP level 1. HP: 19/19 MP: 1/1
   167 | D:1      | Reached XP level 2. HP: 22/27 MP: 2/2
   816 | D:1      | Reached skill level 5 in Axes
   869 | D:1      | Reached XP level 3. HP: 25/33 MP: 3/3
  2871 | D:2      | Reached XP level 4. HP: 41/41 MP: 4/4
  3218 | D:3      | Reached skill level 6 in Axes
  3544 | D:3      | Noticed Grinder
  3563 | D:3      | Killed Grinder
  3563 | D:3      | Reached skill level 5 in Fighting
  3563 | D:3      | Reached skill level 7 in Axes
  3563 | D:3      | Reached XP level 5. HP: 24/50 MP: 5/5
  3563 | D:3      | Reached XP level 6. HP: 28/57 MP: 6/6
  3773 | D:3      | Reached skill level 8 in Axes
  4080 | D:4      | Noticed Blork the orc
  4626 | D:4      | Noticed Menkaure
  4748 | D:4      | Killed Menkaure
  4748 | D:4      | Reached skill level 9 in Axes
  4748 | D:4      | Reached XP level 7. HP: 60/64 MP: 7/7
  4818 | D:4      | Found a radiant altar of Vehumet.
  4870 | D:4      | Found a bloodstained altar of Trog.
  5067 | D:3      | Killed Blork the orc
  5363 | D:4      | Reached skill level 1 in Armour
  5529 | D:4      | Found a white marble altar of Elyvilon.
  5752 | D:5      | Entered Level 5 of the Dungeon
  5790 | D:5      | Found a staircase to the Ecumenical Temple.
  6137 | D:5      | Reached XP level 8. HP: 71/71 MP: 8/8
  6364 | D:5      | Reached skill level 10 in Axes
  7084 | D:6      | Became a worshipper of Beogh the Brigand
  7084 | D:6      | Reached * piety under Beogh
  7084 | D:6      | Reached ** piety under Beogh
  7120 | D:6      | Noticed a yak
  7121 | D:6      | Noticed a yak
  7123 | D:6      | Noticed a yak
  7126 | D:6      | Noticed a yak
  7128 | D:6      | Noticed a yak
  7131 | D:6      | Killed a yak
  7137 | D:6      | Slain by an ogre

Illustrated notes

Levels and vault maps discovered:
D:1:      dpeg_arrival_long_road, layout_basic, minmay_cut_off
D:2:      layout_basic
D:3:      layout_basic, uniq_grinder
D:4:      layout_basic, marbit_many_paths, kennysheep_mini_moat,
          lemuel_statue_altar, uniq_menkaure, uniq_blork_the_orc
D:5:      minmay_general_purpose_star, layout_basic, minmay_temple_entry_tees,
          st_stairs_9
D:6:      layout_rooms, grunt_temple_overflow_open, nicolae_ossuary_entry_ruins,
          basic_altar, dk_rats_in_the_wall

Skill      XL: |  1  2  3  4  5  6  7  8 |
---------------+-------------------------+-----
Fighting       | 4 5 6 7 |  7.5
Axes           | 5 7 9 10 | 10.9
Armour         | 2 3 |  3.4
Dodging        | |  2.4
Stealth        | |  1.5

Action                   |  1- 3 |  4- 6 |  7- 9 || total
-------------------------+-------+-------+-------++-------
Melee: Dagger            |   216 |    30 |       ||   246
       Hand axe          |     4 |       |       ||     4
       Hunting sling     |       |     1 |       ||     1
       Broad axe         |       |       |    46 ||    46
 Fire: Hunting sling     |     3 |    89 |   150 ||   242
Throw: Stone             |     4 |       |       ||     4
Invok: Convert to Beogh  |       |       |     1 ||     1
Evoke: Wand              |       |     3 |       ||     3
  Use: Scroll            |     5 |       |     7 ||    12
       Potion            |       |     1 |     3 ||     4
 Stab: Sleeping          |     2 |       |       ||     2
Armor: Robe              |    37 |       |       ||    37
       Leather armour    |       |     9 |       ||     9
       Chain mail        |       |    14 |    95 ||   109
Dodge: Dodged            |   157 |    32 |    73 ||   262

Table legend: (Time is in decaauts)
 A = Elapsed time spent in this place.
 B = Non-inter-level travel time spent in this place.
 C = Inter-level travel time spent in this place.
 D = Time resting spent in this place.
 E = Time spent auto-exploring this place.
 F = Levels seen in this place.
 G = Mean time per level.
                   A        B        C        D        E       F      G
               +--------+--------+--------+--------+--------+-----+--------+
         Total |   7192 |   6544 |    648 |   2481 |   2321 |   6 | 1198.7 |
       Dungeon |   7192 |   6544 |    648 |   2481 |   2321 |   6 | 1198.7 |
               +--------+--------+--------+--------+--------+-----+--------+

Top non-repeatable levels by time:
     D:1: 1873 daAuts
     D:3: 1821 daAuts
     D:5: 1340 daAuts
     D:2: 1296 daAuts
     D:4: 795 daAuts
     D:6: 66 daAuts
